 Dungeon Crawl Stone Soup version 0.20-a0-16-g0876c8e (webtiles) character file.

73 JeffiDaFish the Shield-Bearer (level 4, -9/28 HPs)
             Began as a Gargoyle Fighter on Nov 3, 2016.
             Mangled by Sigmund
             ... wielding a +0 scythe
              (10 damage)
             ... on level 2 of the Dungeon.
             The game lasted 00:04:38 (1775 turns).

JeffiDaFish the Shield-Bearer (Gargoyle Fighter)    Turns: 1775, Time: 00:04:39

Health: -9/28      AC: 10    Str: 20    XL:     4   Next: 27%
Magic:  4/4        EV:  7    Int:  9    God:
Gold:   38         SH:  9    Dex:  9    Spells: 0 memorised, 3 levels left

rFire  . . .     SeeInvis .     a - +1 flail
rCold  . . .     Gourm    .     b - +0 scale mail
rNeg   + . .     Faith    .     c - +0 shield
rPois  ∞         Spirit   .     (no helmet)
rElec  +         Reflect  .     (no cloak)
rCorr  .         Harm     .     (no gloves)
MR     .....                    (no boots)
Stlth  ..........               (no amulet)
                                (no ring)
                                e - -5 ring of strength (curse)

@: mighty
A: negative energy resistance 1, electricity resistance, unbreathing,
petrification resistance, rot immunity, AC +3
a: no special abilities


You were on level 2 of the Dungeon.
You were not hungry.

You visited 1 branch of the dungeon, and saw 2 of its levels.

You collected 38 gold pieces.

Inventory:

Hand Weapons
 a - a +1 flail (weapon)
 k - a +0 whip of freezing
Armour
 b - a +0 scale mail (worn)
 c - a +0 shield (worn)
Jewellery
 e - a cursed -5 ring of strength (left hand)
Potions
 i - 2 potions of brilliance
Books
 l - a book of Maledictions

   Spells                             Type                      Level
   a - Corona                         Hexes                        1
   b - Ensorcelled Hibernation        Hexes/Ice                    2
   c - Confuse                        Hexes                        3
   d - Tukima's Dance                 Hexes                        3
   e - Dazzling Spray                 Conjuration/Hexes            3
Comestibles
 f - 2 bread rations
 g - a meat ration
 h - 2 slices of pizza
 j - 4 chunks of flesh


   Skills:
 + Level 3.5 Fighting
 + Level 3.0 Maces & Flails
 + Level 3.6 Armour
 + Level 1.0 Dodging
 + Level 0.2 Stealth
 + Level 3.8 Shields


You had 3 spell levels left.
You didn't know any spells.

Dungeon Overview and Level Annotations

Branches:
Dungeon (2/15)

Altars:
Uskayaw

Annotations:
D:2 Ijyb, Sigmund


Innate Abilities, Weirdness & Mutations

You are resistant to torment.
Your stone body is resilient. (AC +3)
You are immune to poison.
You resist negative energy. (rN+)
You are resistant to electric shocks. (rElec)
You can survive without breathing.
You are immune to petrification.
You are immune to rotting.


Message History

You closely miss something. Something hits you.
The goblin completely misses you.
You closely miss something. The goblin hits you but does no damage.
Something hits you but does no damage.
You barely miss something. The goblin hits you.
Something hits you but does no damage. The goblin hits you but does no damage.
You closely miss something. You block the goblin's attack.
You closely miss something. Something hits you. The goblin barely misses you.
You hit the goblin.
You kill the goblin!
Something hits you but does no damage. Something hits you.
You see here a goblin corpse.
Something hits you!
* * * LOW HITPOINT WARNING * * *
You closely miss something. You closely miss something.
Something hits you but does no damage.
You barely miss something. Something hits you but does no damage.
You closely miss something. Something hits you!
You die...

#.#.#.#.#..
#.........#
#.#.#.#.#.##
###..........#
#...#.#.#.#..#.
#..............
#
#...#{#.#.#....
#.....@†....#
##
#....##...>....
#.
#....#####.###.
##.
######.........
# .##..
.........######
....##
######...# ##
##.##### .# #.
####.##... '#
### #.
#....##.#.
.######<####.


There were no monsters in sight!

Vanquished Creatures
  A gnoll (D:1)
  2 adders (D:2)
  2 dart slugs (D:1)
  A leopard gecko (D:2)
  4 bats
  A giant cockroach (D:1)
  2 goblins (D:2)
  4 hobgoblins (D:1)
  4 jackals (D:1)
  2 quokkas (D:2)
  A ball python (D:1)
  7 kobolds
  8 rats
39 creatures vanquished.

Notes
Turn   | Place    | Note
-------+----------+-------------------------------------------
     0 | D:1      | JeffiDaFish the Gargoyle Fighter began the quest for the Orb.
     0 | D:1      | Reached XP level 1. HP: 14/14 MP: 1/1
   336 | D:1      | Reached XP level 2. HP: 19/19 MP: 2/2
   677 | D:1      | Reached XP level 3. HP: 15/23 MP: 3/3
  1215 | D:2      | Noticed Ijyb
  1472 | D:2      | Noticed a hand axe
  1473 | D:2      | Noticed a dagger
  1475 | D:2      | Found a hide-covered altar of Uskayaw.
  1499 | D:2      | Reached XP level 4. HP: 21/28 MP: 4/4
  1641 | D:2      | Reached skill level 1 in Dodging
  1751 | D:2      | Noticed Sigmund
  1771 | D:2      | HP: 1/28 [something (9)]
  1775 | D:2      | Mangled by Sigmund

Vault maps used:
D:1:      dpeg_arrival_connections, feat_on_display
D:2:      dancing_weapons_uskayaw, zin_statuary, serial_co_window_serial,
          co_window_paths_b, co_window_corner_a, co_window_paths_b,
          co_window_paths_a, co_window_paths_a, co_window_corner_b,
          co_window_corner_b, co_window_unsneaky_path_e,
          co_window_unsneaky_path_b, co_window_broadway_a, co_window_broadway_a,
          co_window_of_opportunity_b, co_window_4corner_a, co_window_sun,
          glass_columns_a, glass_columns_a, glass_columns_a, glass_columns_c,
          glass_columns_a, uniq_iyjb, uniq_sigmund

Skill      XL: |  1  2  3  4 |
---------------+-------------+-----
Dodging        | 1 |  1.0
Maces & Flails | 3 |  3.0
Fighting       | |  3.5
Armour         | |  3.6
Stealth        | |  0.2
Shields        | |  3.8

Action                   |  1- 3 |  4- 6 || total
-------------------------+-------+-------++-------
Melee: Flail             |   169 |    12 ||   181
       Whip              |    12 |    17 ||    29
  Use: Potion            |     3 |     1 ||     4
       Scroll            |     5 |       ||     5
  Eat: Chunk             |     3 |       ||     3
Armor: Scale mail        |   100 |    23 ||   123
Dodge: Dodged            |    42 |     8 ||    50
Block: Shield            |   100 |     8 ||   108
